 Dungeon Crawl Stone Soup version 0.25.0-9-g26727b657a (webtiles) character file.

Game seed: 7275777656570468882

7145 HoaS the Cruncher (level 11, -5/73 HPs)
             Began as a Gargoyle Gladiator on June 19, 2020.
             Was an Elder of Makhleb.
             Slain by a tentacled starspawn (8 damage)
             ... on level 2 of the Abyss.
             The game lasted 00:23:36 (6683 turns).

HoaS the Cruncher (Gargoyle Gladiator)              Turns: 6683, Time: 00:23:37

Health: -5/73      AC: 28    Str: 21    XL:     11   Next: 10%
Magic:  11/11      EV:  8    Int: 12    God:    Makhleb [****..]
Gold:   401        SH:  0    Dex: 11    Spells: 10/10 levels left

rFire    . . .     SeeInvis .   a - +2 quarterstaff
rCold    . . .     Gourm    .   (shield currently unavailable)
rNeg     + . .     Faith    .   r - +8 chain mail of Limited Liability {Int+3}
rPois    ∞         Spirit   .   c - +1 helmet
rElec    +         Reflect  .   (no cloak)
rCorr    .         Harm     .   F - +0 pair of gloves
MR       ++...                  o - +0 pair of boots
Stlth    ..........             (no amulet)
HPRegen  0.22/turn              i - ring of protection from magic
MPRegen  0.12/turn              B - ring of protection from magic

@: no status effects
A: negative energy resistance 1, electricity resistance, unbreathing,
petrification resistance, rot immunity, AC +8
a: Minor Destruction, Lesser Servant of Makhleb, Major Destruction, Renounce
Religion


You were on level 2 of the Abyss.
You worshipped Makhleb.
Makhleb was greatly pleased with you.
You were hungry.

You visited 1 branch of the dungeon, and saw 8 of its levels.
You visited the Abyss 1 time.
You also visited: Ossuary.

You collected 401 gold pieces.

Inventory:

Hand Weapons
 a - a +2 quarterstaff (weapon)
Missiles
 k - 15 poisoned darts (quivered)
Armour
 c - a +1 helmet (worn)
 o - a +0 pair of boots (worn)
 r - the +8 chain mail of Limited Liability (worn) {Int+3}
   (You found it on level 4 of the Dungeon)

   It affects your intelligence (+3).
 F - a +0 pair of gloves (worn)
Jewellery
 i - a ring of protection from magic (left hand)
 q - an uncursed ring of positive energy
 B - a ring of protection from magic (right hand)
 C - an uncursed ring of flight
Wands
 d - a wand of disintegration (11)
 m - a wand of flame (10)
 t - a wand of enslavement (7)
Scrolls
 j - a scroll of identify
 s - 4 scrolls of remove curse
 w - 2 scrolls of enchant armour
 y - 3 scrolls of teleportation
 G - a scroll of amnesia
Potions
 b - 4 potions of stabbing
 e - 3 potions of might {unknown}
 g - a potion of haste {unknown}
 h - 5 potions of curing
 l - a potion of brilliance {unknown}
 n - 4 potions of degeneration {unknown}
 p - 2 potions of mutation {unknown}
 u - 2 potions of berserk rage {unknown}
 v - a potion of flight {unknown}
 x - 3 potions of lignification {unknown}
 z - 3 potions of heal wounds {unknown}
 A - 3 potions of resistance {unknown}
 D - a potion of cancellation {unknown}
Comestibles
 f - 17 rations


   Skills:
 + Level 10.7 Fighting
 * Level 13.5 Staves
 - Level 1.7 Throwing
 - Level 2.4 Dodging


You had 10 spell levels left.
You didn't know any spells.
Your spell library contained the following spells:

 Spells                   Type           Power        Failure   Level  Hunger
 Magic Dart               Conj           #...         98%         1    ##.....
 Blink                    Tloc           N/A          99%         2    ###....
 Call Imp                 Summ           #.......     99%         2    ###....
 Slow                     Hex            #.......     99%         2    ###....
 Conjure Flame            Conj/Fire      #.......     100%        3    ####...
 Mephitic Cloud           Conj/Pois/Air  #.......     100%        3    ####...


Dungeon Overview and Level Annotations

Branches:
Dungeon (8/15)             Temple (0/1) D:6            Lair (0/6) D:8
Ossuary (visited)

Altars:
Ashenzari
Elyvilon
Gozag
Makhleb
Uskayaw
Wu Jian

Annotations:
D:8 Psyche


Innate Abilities, Weirdness & Mutations

You are resistant to torment.
Your stone body is resilient. (AC +8)
You are immune to poison.
You resist negative energy. (rN+)
You are resistant to electric shocks. (rElec)
You can survive without breathing.
You are immune to petrification.
You are immune to rotting.


Message History

You sock the tentacled starspawn!
The starspawn tentacle loses its grip on you.
The tentacled starspawn is heavily damaged.
The tentacled starspawn bites you but does no damage.
The tentacled starspawn barely misses you.
You thump the tentacled starspawn!
The tentacled starspawn is severely damaged.
The starspawn tentacle grabs you. The starspawn tentacle constricts you.
Your chain mail of Limited Liability prevents you from hitting the tentacled starspawn.
The starspawn tentacle loses its grip on you.
The tentacled starspawn is severely damaged.
The tentacled starspawn bites you!
* * * LOW HITPOINT WARNING * * *
The tentacled starspawn engulfs you but does no damage.
The starspawn tentacle grabs you. The starspawn tentacle constricts you.
You hit the tentacled starspawn.
The starspawn tentacle loses its grip on you.
The tentacled starspawn is severely damaged.
The tentacled starspawn bites you!
You die...

# ##. # $..
#.###..# . ...#
#..#..#.. # #
#.§.Λ## .. . #
#..##..wwX## #..
.. # #.
#...@#.#..... #.
.
#..##....#..##.#
. .
#.#.#.##..(....#
#.. .##...#..
###...# # ...# .
..# #.. #.. .
....# # ..
#..##..# #.# .
#.#.#.. # .
.#..# ##..#


You could see a tentacled starspawn and 2 starspawn tentacles.

Vanquished Creatures
  2 two-headed ogres
  A thrashing horror (Abyss:2)
  A hippogriff (D:7)
  5 yaks
  A wyvern (D:8)
  2 wraiths (Ossuary)
  A basilisk (D:8)
  The ghost of Esekla the Slasher, an amateur OpSk of Hepliaklqana (D:4)
  4 porcupines
  An orc warrior (D:7)
  3 ice beasts
  8 ogres
  6 centaurs
  A big kobold (D:7)
  2 crocodiles
  A bullfrog (D:7)
  A small abomination (Abyss:2)
  3 scorpions
  4 killer bees (D:7)
  3 wights (Ossuary)
  2 howler monkeys
  6 crimson imps
  A quasit (Abyss:2)
  4 hounds
  4 jellies
  2 bullfrog skeletons
  An orc wizard (D:7)
  A centaur skeleton (D:7)
  2 worker ants
  A hound zombie (D:6)
  A hound skeleton (D:8)
  A howler monkey zombie (D:7)
  3 gnolls (D:4)
  4 adders
  2 shadow imps
  8 oozes (D:4)
  3 adder zombies
  An adder skeleton (D:7)
  6 worms
  3 dart slugs
  8 leopard geckos
  16 orcs
  3 giant cockroaches
  2 goblins
  6 hobgoblins
  8 jackals
  6 quokkas
  4 bats (D:1)
  4 frilled lizards
  3 hobgoblin skeletons (Ossuary)
  A jackal skeleton (D:4)
  24 kobolds
  A kobold zombie (Ossuary)
  A leopard gecko zombie (D:5)
  An orc skeleton (Ossuary)
  An orc zombie (Ossuary)
  7 rats
203 creatures vanquished.

Vanquished Creatures (others)
  2 fungi (D:4)
  2 plants (D:8)
  2 starspawn tentacles (Abyss:2)
  7 toadstools (D:4)
13 creatures vanquished.

Grand Total: 216 creatures vanquished

Notes
Turn   | Place    | Note
-------+----------+-------------------------------------------
     0 | D:1      | HoaS the Gargoyle Gladiator began the quest for the Orb.
     0 | D:1      | Reached XP level 1. HP: 12/12 MP: 1/1
   284 | D:1      | Reached XP level 2. HP: 17/18 MP: 2/2
   714 | D:2      | Reached XP level 3. HP: 22/22 MP: 3/3
   752 | D:2      | Reached skill level 4 in Staves
   802 | D:2      | Found an opulent altar of Gozag.
   802 | D:2      | Found a white marble altar of Elyvilon.
   925 | D:2      | Found a burning altar of Makhleb.
   925 | D:2      | Noticed a blizzard demon
   929 | D:2      | Noticed a hellwing
   929 | D:2      | Noticed a hellwing
   931 | D:2      | Became a worshipper of Makhleb the Destroyer
  1101 | D:2      | Found a faded altar of an unknown god.
  1273 | D:3      | Reached XP level 4. HP: 17/28 MP: 4/4
  1756 | D:3      | Reached * piety under Makhleb
  2150 | D:4      | Reached XP level 5. HP: 32/32 MP: 5/5
  2239 | D:4      | Noticed an ogre
  2249 | D:4      | Killed an ogre
  2249 | D:4      | Reached skill level 5 in Staves
  2277 | D:4      | Found a shattered altar of Ashenzari.
  2309 | D:4      | Got a steaming chain mail
  2310 | D:4      | Identified the +8 chain mail of Limited Liability {Int+3}
                  | (You found it on level 4 of the Dungeon)
  2399 | D:4      | Reached XP level 6. HP: 38/38 MP: 6/6
  2502 | D:4      | Found a runed translucent door.
  2505 | D:4      | Noticed Esekla's ghost (amateur OpSk)
  2720 | D:4      | Reached skill level 6 in Staves
  2753 | D:4      | Reached XP level 7. HP: 38/44 MP: 7/7
  2901 | D:4      | Reached ** piety under Makhleb
  3072 | D:4      | Killed Esekla's ghost
  3072 | D:4      | Reached skill level 5 in Fighting
  3117 | D:5      | Entered Level 5 of the Dungeon
  3128 | D:5      | Reached skill level 7 in Staves
  3290 | D:5      | Reached XP level 8. HP: 48/51 MP: 8/8
  3358 | D:5      | Reached skill level 8 in Staves
  3847 | D:6      | Found a staircase to the Ecumenical Temple.
  4172 | D:6      | Reached skill level 9 in Staves
  4800 | D:7      | Reached *** piety under Makhleb
  4801 | D:7      | Reached XP level 9. HP: 57/57 MP: 9/9
  4840 | D:7      | Noticed a two-headed ogre
  4878 | D:7      | Killed a two-headed ogre
  4878 | D:7      | Reached skill level 10 in Staves
  5125 | D:7      | Found a hide-covered altar of Uskayaw.
  5159 | D:7      | Found a sand-covered staircase.
  5164 | Ossuary  | Entered an ossuary
  5370 | Ossuary  | Reached skill level 11 in Staves
  5556 | D:7      | Reached XP level 10. HP: 53/66 MP: 10/10
  5590 | D:7      | Found an ornate altar of the Wu Jian Council.
  5629 | D:7      | Reached **** piety under Makhleb
  6068 | D:7      | Reached skill level 12 in Staves
  6249 | D:8      | Reached skill level 10 in Fighting
  6303 | D:8      | Found a staircase to the Lair.
  6405 | D:8      | Noticed a two-headed ogre
  6427 | D:8      | Killed a two-headed ogre
  6427 | D:8      | Reached skill level 13 in Staves
  6572 | D:8      | Reached XP level 11. HP: 73/73 MP: 11/11
  6575 | D:8      | Noticed Psyche
  6588 | D:8      | Cast into level 2 of the Abyss (Psyche)
  6597 | Abyss:2  | Found a corrupted altar of Lugonu.
  6635 | Abyss:2  | Noticed a thrashing horror
  6659 | Abyss:2  | Killed a thrashing horror
  6666 | Abyss:2  | Noticed a tentacled starspawn
  6682 | Abyss:2  | HP: 3/73 [tentacled starspawn (14)]
  6683 | Abyss:2  | Slain by a tentacled starspawn

Illustrated notes

Levels and vault maps discovered:
D:1:      doesnt_arrival_eight_statues, layout_loops_cross,
          chequers_serial_rivers_room_b
D:2:      layout_rooms, makhleb_altar_promises_db,
          amethyst_overflow_temple_binary, chequers_ecumenical_altar_island
D:3:      layout_basic
D:4:      cheibrodos_fertilizer, layout_loops_corners,
          nicolae_ashenzari_panopticon, ebering_ghost_reflecting_pool,
          first_ration
D:5:      layout_basic
D:6:      layout_loops_corners, temple_pool_b
D:7:      layout_loops_ring, lemuel_round_altar, eat_drink_and_be_merry_uskayaw,
          enter_ossuary_5
D:8:      layout_rooms, minmay_lair_entry_grove, uniq_psyche
Abyss:2:  base: D:7, kilobyte_mutagenic_chamber

Skill      XL: |  1  2  3  4  5  6  7  8  9 10 |
---------------+-------------------------------+-----
Staves         | 4 5 6 7 9 11 13 | 13.5
Fighting       | 3 4 6 7 9 10 | 10.7
Throwing       | |  1.7
Dodging        | |  2.4

Action                   |  1- 3 |  4- 6 |  7- 9 | 10-12 || total
-------------------------+-------+-------+-------+-------++-------
Melee: Quarterstaff      |   117 |   147 |   356 |   265 ||   885
Throw: Throwing net      |       |     2 |     2 |       ||     4
       Dart              |       |       |     3 |     9 ||    12
Evoke: Wand              |       |       |       |     2 ||     2
  Use: Scroll            |     3 |     5 |     6 |     1 ||    15
 Stab: Held in net/web   |       |     2 |     1 |       ||     3
  Eat: Chunk             |     1 |     5 |     9 |     4 ||    19
Armor: Ring mail         |    32 |       |       |       ||    32
       Leather armour    |     1 |       |       |       ||     1
       Plate armour      |    14 |    27 |       |       ||    41
       Chain mail        |       |    75 |   192 |   144 ||   411
Dodge: Dodged            |    52 |    49 |   118 |    88 ||   307
